 Dungeon Sprint DCSS version 0.16-a0-3115-g4870798 (webtiles) character file.

38328 BluebellGnoll the Acrobat (level 13, -6/65 HPs)
             Began as a Spriggan Wanderer on Dec 13, 2014.
             Was the Champion of Vehumet.
             Shot with a bolt of penetration by a yaktaur captain (32 damage)
             ... in the Dungeon (Sprint IX: "|||||||||||||||||||||||||||||").
             The game lasted 01:02:36 (6128 turns).

BluebellGnoll the Acrobat (Spriggan Wanderer)       Turns: 6128, Time: 01:02:36

Health: -6/65      AC:  8    Str:  8    XL:     13   Next: 63%
Magic:  35/35      EV: 31    Int: 18    God:    Vehumet [******]
Gold:   423        SH:  0    Dex: 16    Spells: 6 memorised, 15 levels left

rFire  x . .     SeeInvis +     F - +4 rod of clouds (4/15)
rCold  + . .     Clarity  .     q - +0 swamp dragon armour
rNeg   . . .     SustAb   .     (shield restricted)
rPois  +         Gourm    .     (helmet restricted)
rElec  .         Spirit   .     D - +0 cloak
rCorr  .         Warding  .     (gloves unavailable)
rMut   +         NoTele   +     (boots unavailable)
MR     +++..                    K - amulet of resist mutation
Stlth  +++++++++.               I - ring of ice
                                J - ring of protection from magic

@: very slightly contaminated, very quick, extremely resistant to hostile
enchantments, incredibly stealthy
A: unfitting armour, see invisible, herbivore 3, speed 3, slow metabolism 2
a: Renounce Religion


You were in the Dungeon.
You worshipped Vehumet.
Vehumet was exalted by your worship.
You were full.

You visited 1 branch You collected 1858 gold pieces.
You spent 1435 gold pieces at shops.

Inventory:

Hand weapons
 b - a +2 blowgun
 p - a +2 rapier of draining
 u - the +2 morningstar of Edaemin {freeze, Stlth++}
   (You found it in the Dungeon)

   It has been specially enchanted to freeze those struck by it, causing extra
   injury to most foes and up to double damage against particularly susceptible
   opponents.
   It can also slow down cold-blooded creatures.
   It makes you much more stealthy.
 H - a +4 short sword
 L - a +3 quick blade
 M - a +1 arbalest of freezing
Missiles
 a - 3 curare-tipped needles
 f - 52 bolts
 w - 13 stones (quivered)
 A - 2 throwing nets
Armour
 e - a +0 robe
 q - a +0 swamp dragon armour (worn)
 D - a +0 cloak (worn)
Rods
 F - a +4 rod of clouds (4/15) (weapon)
   (You bought it in a shop in the Dungeon)
Jewellery
 r - a +3 ring of dexterity
 I - a ring of ice (right hand)
 J - a ring of protection from magic (left hand)
 K - an amulet of resist mutation (around neck)
Magical devices
 o - a wand of cold (3)
 G - a wand of frost (24)
Scrolls
 l - 3 scrolls of remove curse
 m - a scroll of blinking
 n - 2 scrolls of amnesia
 y - 4 scrolls of enchant armour
 z - a scroll of fog
 C - 3 scrolls of identify
Potions
 c - a potion of cure mutation
 d - a potion of brilliance
 h - a potion of invisibility
 i - 2 potions of heal wounds
 j - 8 potions of curing
 k - 4 potions of magic
 s - 2 potions of might
 t - a potion of agility
 v - a potion of restore abilities
 B - a potion of resistance
Miscellaneous
 E - a lamp of fire
Comestibles
 g - 13 bread rations
 x - 17 fruits


   Skills:
 - Level 6.3 Fighting
 * Level 15.3 Short Blades
 * Level 9.9 Crossbows
 - Level 1.1 Throwing
 - Level 1.3 Armour
 - Level 24.5 Dodging
 - Level 23.5 Stealth
 - Level 11.9 Spellcasting
 - Level 8.9 Conjurations
 - Level 1.1 Fire Magic
 - Level 9.1 Air Magic
 - Level 5.4 Earth Magic
 - Level 12.1 Evocations


You had 15 spell levels left.
You knew the following spells:

 Your Spells              Type           Power        Failure   Level  Hunger
a - Shock                 Conj/Air       ####         1%          1    None
b - Sandblast             Erth           ####..       1%          1    None
c - Conjure Flame         Conj/Fire      ##......     1%          3    None
d - Lightning Bolt        Conj/Air       #####.....   3%          5    ####...
e - Dazzling Spray        Conj/Hex       ####....     2%          3    None
f - Orb of Destruction    Conj           #####.....   88%         7    #######


Dungeon Overview and Level Annotations

Branches:
Dungeon (1/1)

Altars:
Cheibriados
Dithmenos
Elyvilon
Fedhas
Gozag
Kikubaaqudgha
Makhleb
Nemelex Xobeh
Okawaru
Qazlal
Ru
Sif Muna
Trog
Vehumet
Xom
Yredelemnul
Zin
The Shining One
Beogh
Jiyva
Lugonu

Shops:
D (%}(


Innate Abilities, Weirdness & Mutations

You are tiny and cannot use many weapons and most armour.
You have supernaturally acute eyesight.
You are a herbivore.
You cover ground extremely quickly.
You need consume almost no food.


Message History

The frost giant is engulfed in poison gas.
Aiming: Cloud Cone
Press: ? - help, Dir - move target cursor, f/p - stone giant
Aim: a stone giant (almost dead, poisoned)
You create a blast of poison gas!
The spriggan defender is engulfed in poison gas.
The stone giant is engulfed in poison gas.
You kill the stone giant!
Vehumet accepts your kill. Vehumet accepts your kill.
You feel your power returning.
Your Crossbows skill increases to level 9!
You feel a bit more experienced.
You kill the frost giant!
Vehumet accepts your kill.
Your Short Blades skill increases to level 15!
The yaktaur captain wields an arbalest.
The yaktaur captain shoots a bolt of penetration.
The bolt of penetration pierces through you!!
You die...

▓▓▓▓▓▓▓▓▓▓▓▓▓▓▓▓▓▓▓▓▓▓▓▓▓▓▓
.D.c§§§§Dc§§§§§§@.........▓
▓▓▓▓▓▓▓▓▓▓▓▓▓▓▓▓▓▓▓▓▓▓▓▓▓.▓
..........................▓
♣▓▓▓▓▓▓▓▓▓▓▓▓▓▓▓▓▓▓▓▓▓▓▓▓▓▓
'....)...)'...............▓
♣▓▓▓▓▓▓▓▓▓▓▓▓▓▓▓▓▓▓▓▓▓▓▓▓.▓
..........................▓
▓▓▓▓▓▓▓▓▓▓▓▓▓▓▓▓▓▓▓▓▓▓▓▓▓▓▓
[[.())))=))..=..'.........▓


You could see a golden dragon and a yaktaur captain.

Vanquished Creatures
  A frost giant (D)
  A ghost moth (D)
  2 very ugly things (D)
  2 spriggan defenders (D)
  2 stone giants (D)
  A vampire knight (D)
  2 ettins (D)
  A hydra (D)
  A naga warrior (D)
  5 ogre magi (D)
  A centaur warrior (D)
  An alligator (D)
  A deep troll shaman (D)
  An orc high priest (D)
  2 shock serpents (D)
  A naga sharpshooter (D)
  A swamp dragon (D)
  A deep troll (D)
  3 hill giants (D)
  4 orc knights (D)
  A wolf spider (D)
  A mana viper (D)
  2 black mambas (D)
  3 manticores (D)
  A naga mage (D)
  An ugly thing (D)
  Maurice (D)
  A siren (D)
  A gargoyle (D)
  A guardian serpent (D)
  A spiny frog (D)
  3 komodo dragons (D)
  5 trolls (D)
  A yaktaur (D)
  A tengu conjurer (D)
  2 jumping spiders (D)
  A freezing wraith (D)
  2 merfolk (D)
  4 polar bears (D)
  A wind drake (D)
  A fire elemental (D)
  A giant leech (D)
  A slime creature (D)
  A snapping turtle (D)
  3 trapdoor spiders (D)
  A water elemental (D)
  A wyvern (D)
  A yak (D)
  A deep elf mage (D)
  A wolf (D)
  A hippogriff (D)
  A naga (D)
  A vampire mosquito (D)
  2 water moccasins (D)
  A yellow wasp (D)
  10 orc warriors (D)
  A spider (D)
  5 black bears (D)
  A phantom (D)
  2 boggarts (D)
  A giant frog (D)
  An ogre (D)
  2 crocodiles (D)
  2 scorpions (D)
  3 jellies (D)
  A killer bee (D)
  2 hounds (D)
  2 worker ants (D)
  An orc priest (D)
  3 iguanas (D)
  6 orc wizards (D)
  A river rat (D)
  2 adders (D)
  A shadow imp (D)
  An adder zombie (D)
  4 orcs (D)
  2 bats (D)
  A goblin (D)
  A hobgoblin (D)
  2 giant gecko skeletons (D)
  2 kobolds (D)
  A rat (D)
147 creatures vanquished.

Vanquished Creatures (collateral kills)
  A spiny frog (D)
  A slime creature (D)
2 creatures vanquished.

Vanquished Creatures (others)
  2 fire elementals (D)
2 creatures vanquished.

Grand Total: 151 creatures vanquished

Notes
Turn   | Place    | Note
--------------------------------------------------------------
     0 | D        | BluebellGnoll, the Spriggan Wanderer, began the quest for the Orb.
     0 | D        | BluebellGnoll set off with: 4 curare-tipped needles, a +2 blowgun, a +0 hand crossbow, a +0 robe, 25 bolts, a bread ration, a potion of curing, a potion of heal wounds, a potion of haste, 2 potions of magic, a potion of berserk rage, a scroll of blinking
     0 | D        | Reached XP level 1. HP: 10/10 MP: 2/2
    11 | D        | Reached skill level 5 in Stealth
    38 | D        | Noticed a worker ant
    38 | D        | Noticed an ogre
    57 | D        | Reached skill level 6 in Stealth
    57 | D        | Reached XP level 2. HP: 12/14 MP: 4/4
    63 | D        | Killed an ogre
    63 | D        | Reached skill level 12 in Stealth
    63 | D        | Reached XP level 3. HP: 15/18 MP: 6/6
    63 | D        | Reached XP level 4. HP: 18/22 MP: 8/8
    72 | D        | Killed a worker ant
    72 | D        | Reached skill level 13 in Stealth
    95 | D        | Found a glowing silver altar of Zin.
    95 | D        | Found a glowing golden altar of the Shining One.
    95 | D        | Found an ancient bone altar of Kikubaaqudgha.
    95 | D        | Found a basalt altar of Yredelemnul.
    95 | D        | Found a shimmering altar of Xom.
    95 | D        | Found a radiant altar of Vehumet.
    95 | D        | Found an iron altar of Okawaru.
    96 | D        | Found a burning altar of Makhleb.
    97 | D        | Found a deep blue altar of Sif Muna.
    98 | D        | Found a bloodstained altar of Trog.
    99 | D        | Found a sparkling altar of Nemelex Xobeh.
   100 | D        | Found a white marble altar of Elyvilon.
   101 | D        | Found a roughly hewn altar of Beogh.
   102 | D        | Found a viscous altar of Jiyva.
   103 | D        | Found a corrupted altar of Lugonu.
   104 | D        | Found a blossoming altar of Fedhas.
   105 | D        | Found a snail-covered altar of Cheibriados.
   107 | D        | Found a shadowy altar of Dithmenos.
   108 | D        | Found a stormy altar of Qazlal.
   114 | D        | Became a worshipper of Vehumet
   120 | D        | Found an opulent altar of Gozag.
   121 | D        | Found a sacrificial altar of Ru.
   154 | D        | Got the +2 morningstar of Edaemin {freeze, Stlth++}
   160 | D        | Noticed a killer bee
   160 | D        | Noticed an iguana
   160 | D        | Noticed a phantom
   160 | D        | Noticed a troll
   160 | D        | Noticed a worker ant
   162 | D        | Killed a worker ant
   162 | D        | Reached skill level 1 in Short Blades
   162 | D        | Reached XP level 5. HP: 18/25 MP: 10/14
   164 | D        | Killed a troll
   164 | D        | Reached XP level 6. HP: 21/30 MP: 10/23
   165 | D        | Acquired Vehumet's first power
   165 | D        | Offered knowledge of Sandblast by Vehumet.
   193 | D        | Learned a level 1 spell: Sandblast
   235 | D        | Killed a phantom
   235 | D        | Reached skill level 14 in Stealth
   349 | D        | Killed an iguana
   349 | D        | Reached skill level 10 in Dodging
   396 | D        | Killed a killer bee
   396 | D        | Offered knowledge of Shock by Vehumet.
   396 | D        | Reached XP level 7. HP: 26/33 MP: 25/25
   399 | D        | Learned a level 1 spell: Shock
   466 | D        | Noticed a wyvern
   466 | D        | Noticed a komodo dragon
   466 | D        | Noticed a scorpion
   466 | D        | Noticed a jelly
   466 | D        | Noticed a gargoyle
   466 | D        | Noticed an orc wizard
   469 | D        | Killed an orc wizard
   471 | D        | Killed a gargoyle
   535 | D        | Killed a jelly
   540 | D        | Killed a jelly
   540 | D        | Offered knowledge of Throw Frost by Vehumet.
   544 | D        | Killed a jelly
   544 | D        | Acquired Vehumet's second power
   558 | D        | Killed a scorpion
   558 | D        | Reached XP level 8. HP: 37/37 MP: 20/26
   580 | D        | Killed a komodo dragon
   580 | D        | Reached skill level 5 in Air Magic
   580 | D        | Reached skill level 5 in Earth Magic
   779 | D        | Killed a wyvern
   779 | D        | Offered knowledge of Dazzling Spray by Vehumet.
   779 | D        | Reached skill level 15 in Stealth
   784 | D        | Learned a level 3 spell: Dazzling Spray
   961 | D        | Noticed a hound
   961 | D        | Noticed a crocodile
   961 | D        | Noticed an iguana
   961 | D        | Noticed a water moccasin
   961 | D        | Noticed a yak
   961 | D        | Noticed an iguana
   962 | D        | Noticed a wolf
   964 | D        | Noticed a yellow wasp
   965 | D        | Killed an iguana
   965 | D        | Acquired Vehumet's third power
  1033 | D        | Killed a yak
  1033 | D        | Offered knowledge of Conjure Flame by Vehumet.
  1037 | D        | Killed an iguana
  1048 | D        | Killed a water moccasin
  1059 | D        | Killed a crocodile
  1142 | D        | Killed a hound
  1167 | D        | Killed a wolf
  1167 | D        | Reached XP level 9. HP: 15/41 MP: 3/28
  1183 | D        | Learned a level 3 spell: Conjure Flame
  1326 | D        | Killed a yellow wasp
  1326 | D        | Offered knowledge of Lightning Bolt by Vehumet.
  1326 | D        | Reached skill level 16 in Stealth
  1326 | D        | Reached skill level 1 in Fire Magic
  1333 | D        | Learned a level 5 spell: Lightning Bolt
  1387 | D        | Noticed a komodo dragon
  1387 | D        | Noticed a crocodile
  1387 | D        | Noticed a hound
  1387 | D        | Noticed a hippogriff
  1387 | D        | Noticed a black mamba
  1387 | D        | Noticed a giant frog
  1387 | D        | Noticed a komodo dragon
  1388 | D        | Noticed a polar bear
  1389 | D        | Killed a komodo dragon
  1391 | D        | Killed a giant frog
  1404 | D        | Killed a black mamba
  1415 | D        | Killed a hippogriff
  1423 | D        | Killed a hound
  1425 | D        | Killed a crocodile
  1437 | D        | Killed a komodo dragon
  1442 | D        | Killed a polar bear
  1442 | D        | Reached skill level 10 in Spellcasting
  1480 | D        | Noticed a polar bear
  1480 | D        | Noticed a polar bear
  1480 | D        | Noticed a black bear
  1480 | D        | Noticed a black bear
  1480 | D        | Noticed a black bear
  1480 | D        | Noticed a black bear
  1480 | D        | Noticed a polar bear
  1481 | D        | Noticed a black bear
  1482 | D        | Killed a polar bear
  1482 | D        | Offered knowledge of Olgreb's Toxic Radiance by Vehumet.
  1482 | D        | Reached skill level 15 in Dodging
  1484 | D        | Killed a black bear
  1486 | D        | Killed a black bear
  1487 | D        | Killed a black bear
  1487 | D        | Reached XP level 10. HP: 46/46 MP: 32/32
  1495 | D        | Killed a black bear
  1500 | D        | Killed a polar bear
  1503 | D        | Killed a polar bear
  1503 | D        | Reached skill level 17 in Dodging
  1506 | D        | Killed a black bear
  1648 | D        | Noticed an orc wizard
  1648 | D        | Noticed an orc warrior
  1648 | D        | Noticed an orc wizard
  1648 | D        | Noticed an orc wizard
  1648 | D        | Noticed an orc priest
  1651 | D        | Killed an orc priest
  1651 | D        | Killed an orc wizard
  1652 | D        | Killed an orc wizard
  1653 | D        | Noticed an orc warrior
  1655 | D        | Killed an orc wizard
  1663 | D        | Noticed an orc warrior
  1663 | D        | Killed an orc warrior
  1664 | D        | Killed an orc warrior
  1667 | D        | Noticed an orc wizard
  1669 | D        | Noticed an orc wizard
  1674 | D        | Killed an orc wizard
  1690 | D        | Killed an orc warrior
  1693 | D        | Killed an orc wizard
  1749 | D        | Noticed an orc high priest
  1749 | D        | Noticed an orc warrior
  1749 | D        | Noticed an orc warrior
  1749 | D        | Noticed an orc warrior
  1749 | D        | Noticed an orc knight
  1749 | D        | Noticed an orc warrior
  1749 | D        | Noticed an orc knight
  1750 | D        | Noticed an orc knight
  1790 | D        | Killed an orc knight
  1790 | D        | Offered knowledge of Ozocubu's Refrigeration by Vehumet.
  1809 | D        | Killed an orc knight
  1809 | D        | Reached skill level 5 in Fighting
  1810 | D        | Killed an orc warrior
  1824 | D        | Killed an orc warrior
  1827 | D        | Killed an orc warrior
  2125 | D        | Killed an orc warrior
  2155 | D        | Killed an orc high priest
  2155 | D        | Reached skill level 10 in Short Blades
  2171 | D        | Killed an orc knight
  2184 | D        | Noticed an orc warrior
  2190 | D        | Noticed an orc warrior
  2190 | D        | Killed an orc warrior
  2190 | D        | Offered knowledge of Conjure Ball Lightning by Vehumet.
  2203 | D        | Killed an orc warrior
  2225 | D        | Noticed an orc warrior
  2228 | D        | Noticed an orc knight
  2231 | D        | Killed an orc warrior
  2249 | D        | Killed an orc knight
  2249 | D        | Reached XP level 11. HP: 39/57 MP: 16/33
  2346 | D        | Found Vuklec's Weapon Boutique.
  2346 | D        | Noticed an ogre mage
  2346 | D        | Noticed a deep troll
  2346 | D        | Noticed a troll
  2346 | D        | Noticed a troll
  2346 | D        | Noticed an ogre mage
  2346 | D        | Noticed a hill giant
  2347 | D        | Found Shom's Gadget Shop.
  2348 | D        | Killed a hill giant
  2357 | D        | Noticed an ogre mage
  2366 | D        | Killed an ogre mage
  2366 | D        | Reached skill level 18 in Stealth
  2373 | D        | Killed a deep troll
  2378 | D        | Killed an ogre mage
  2378 | D        | Reached skill level 19 in Stealth
  2384 | D        | Killed a troll
  2384 | D        | Offered knowledge of Poison Arrow by Vehumet.
  2384 | D        | Reached skill level 20 in Stealth
  2389 | D        | Killed a troll
  2422 | D        | Noticed a troll
  2428 | D        | Killed a troll
  2438 | D        | Noticed a hill giant
  2451 | D        | Killed a hill giant
  2451 | D        | Reached skill level 21 in Stealth
  2579 | D        | Found Stroch's Food Boutique.
  2583 | D        | Found Mnubosig's Weapon Shop.
  2587 | D        | Noticed an ogre mage
  2588 | D        | Noticed an ogre mage
  2589 | D        | Noticed a troll
  2591 | D        | Noticed an ogre mage
  2594 | D        | Killed an ogre mage
  2601 | D        | Killed an ogre mage
  2601 | D        | Reached skill level 22 in Stealth
  2604 | D        | Killed a troll
  2611 | D        | Killed an ogre mage
  2611 | D        | Reached skill level 23 in Stealth
  2739 | D        | Bought a lamp of fire for 400 gold pieces
  2744 | D        | Bought a cursed +3 rod of clouds (13/13) for 1035 gold pieces
  2777 | D        | Noticed Maurice
  2787 | D        | Killed Maurice
  2787 | D        | Offered knowledge of Delayed Fireball by Vehumet.
  2922 | D        | Noticed a hill giant
  2922 | D        | Noticed a tengu conjurer
  2922 | D        | Noticed a deep elf mage
  2922 | D        | Noticed a freezing wraith
  2922 | D        | Noticed a boggart
  2925 | D        | Noticed a red very ugly thing
  2926 | D        | Killed a boggart
  2926 | D        | Reached skill level 5 in Evocations
  2927 | D        | Noticed an ettin
  2933 | D        | Killed a freezing wraith
  2938 | D        | Killed a hill giant
  2939 | D        | Killed a tengu conjurer
  2940 | D        | Noticed a vampire knight
  3167 | D        | Killed a deep elf mage
  3775 | D        | Killed a red very ugly thing
  3775 | D        | Offered knowledge of Orb of Destruction by Vehumet.
  3775 | D        | Reached XP level 12. HP: 28/62 MP: 22/34
  3785 | D        | Learned a level 7 spell: Orb of Destruction
  4080 | D        | Noticed a slime creature
  4080 | D        | Killed an ettin
  4089 | D        | Killed a vampire knight
  4098 | D        | Killed a slime creature
  4364 | D        | Noticed a green ugly thing
  4378 | D        | Killed a green ugly thing
  4388 | D        | Noticed a stone giant
  4415 | D        | Killed a stone giant
  4432 | D        | Noticed a yaktaur
  4452 | D        | Killed a yaktaur
  4952 | D        | Noticed a manticore
  4952 | D        | Noticed a merfolk
  4952 | D        | Noticed a manticore
  4952 | D        | Noticed a water elemental
  4952 | D        | Noticed a snapping turtle
  4952 | D        | Noticed a wind drake
  4952 | D        | Noticed a siren
  4953 | D        | Noticed a manticore
  4954 | D        | Killed a siren
  4960 | D        | Killed a wind drake
  4961 | D        | Noticed a merfolk
  4967 | D        | Killed a water elemental
  4967 | D        | Killed a merfolk
  4989 | D        | Killed a manticore
  4989 | D        | Offered knowledge of Fire Storm by Vehumet.
  4989 | D        | Offered knowledge of Chain Lightning by Vehumet.
  4989 | D        | Offered knowledge of Tornado by Vehumet.
  4990 | D        | Killed a merfolk
  4992 | D        | Killed a manticore
  5056 | D        | Killed a manticore
  5057 | D        | Killed a snapping turtle
  5175 | D        | Noticed a swamp dragon
  5175 | D        | Noticed a water moccasin
  5175 | D        | Noticed an eight-headed hydra
  5175 | D        | Noticed a spiny frog
  5175 | D        | Noticed a giant leech
  5175 | D        | Noticed a vampire mosquito
  5175 | D        | Noticed a slime creature
  5176 | D        | Noticed an alligator
  5177 | D        | Killed a slime creature
  5179 | D        | Killed a vampire mosquito
  5182 | D        | Noticed a spiny frog
  5182 | D        | Killed a giant leech
  5182 | D        | Killed a spiny frog
  5183 | D        | Killed an eight-headed hydra
  5183 | D        | Killed a water moccasin
  5183 | D        | Killed an alligator
  5185 | D        | Killed a swamp dragon
  5188 | D        | Killed a spiny frog
  5257 | D        | Noticed a naga
  5257 | D        | Noticed a mana viper
  5257 | D        | Noticed a black mamba
  5257 | D        | Noticed a guardian serpent
  5257 | D        | Noticed a naga sharpshooter
  5257 | D        | Noticed a shock serpent
  5257 | D        | Noticed a naga mage
  5258 | D        | Noticed a naga warrior
  5259 | D        | Killed a naga mage
  5260 | D        | Noticed a shock serpent
  5263 | D        | Killed a guardian serpent
  5265 | D        | Killed a shock serpent
  5265 | D        | Killed a naga
  5266 | D        | Killed a mana viper
  5266 | D        | Killed a black mamba
  5268 | D        | Killed a naga sharpshooter
  5268 | D        | Reached XP level 13. HP: 23/65 MP: 24/35
  5294 | D        | Killed a naga warrior
  5509 | D        | Killed a shock serpent
  5669 | D        | Noticed a jumping spider
  5669 | D        | Noticed a wolf spider
  5669 | D        | Noticed a ghost moth
  5669 | D        | Noticed a scorpion
  5669 | D        | Noticed a jumping spider
  5670 | D        | Killed a scorpion
  5774 | D        | Noticed a trapdoor spider
  5777 | D        | Killed a jumping spider
  5778 | D        | Killed a trapdoor spider
  5778 | D        | Killed a trapdoor spider
  5780 | D        | Killed a wolf spider
  5783 | D        | Killed a jumping spider
  5807 | D        | Noticed a spider
  5810 | D        | Noticed a trapdoor spider
  5814 | D        | Killed a ghost moth
  5814 | D        | Reached skill level 24 in Dodging
  5907 | D        | Killed a spider
  5908 | D        | Killed a trapdoor spider
  6098 | D        | Noticed a spriggan defender
  6098 | D        | Noticed an ettin
  6098 | D        | Noticed a stone giant
  6098 | D        | Noticed a centaur warrior
  6098 | D        | Noticed a deep troll shaman
  6098 | D        | Noticed a boggart
  6098 | D        | Noticed a cyan very ugly thing
  6099 | D        | Noticed a frost giant
  6101 | D        | Killed a boggart
  6103 | D        | Killed a deep troll shaman
  6104 | D        | Killed a centaur warrior
  6104 | D        | Reached skill level 5 in Crossbows
  6104 | D        | Killed an ettin
  6106 | D        | Noticed a spriggan defender
  6109 | D        | Noticed a yaktaur captain
  6109 | D        | Killed a cyan very ugly thing
  6113 | D        | HP: 2/65 [stone giant/large rock (16)]
  6113 | D        | Killed a spriggan defender
  6114 | D        | Noticed a golden dragon
  6122 | D        | Killed a stone giant
  6125 | D        | Killed a spriggan defender
  6127 | D        | Killed a frost giant
  6127 | D        | Reached skill level 15 in Short Blades
  6128 | D        | Shot with a bolt of penetration by a yaktaur captain

Action                   |  1- 3 |  4- 6 |  7- 9 | 10-12 | 13-15 || total
-------------------------+-------+-------+-------+-------+-------++-------
Melee: Dagger            |     1 |     7 |       |       |       ||     8
       Rapier            |       |       |    34 |    65 |     6 ||   105
 Fire: Hand crossbow     |    20 |    16 |    43 |    19 |       ||    98
       Blowgun           |       |       |    10 |     3 |       ||    13
       Arbalest          |       |       |       |    15 |     3 ||    18
Throw: Stone             |       |       |     3 |     1 |     1 ||     5
 Cast: Sandblast         |       |    14 |    19 |    10 |       ||    43
       Shock             |       |       |    20 |    82 |       ||   102
       Dazzling Spray    |       |       |    13 |    69 |     3 ||    85
       Conjure Flame     |       |       |     5 |    19 |       ||    24
       Lightning Bolt    |       |       |       |    18 |     6 ||    24
Evoke: Wand              |       |     1 |     3 |       |       ||     4
       Rod               |       |       |       |     9 |     9 ||    18
       Lamp of fire      |       |       |       |     7 |     2 ||     9
  Use: Potion            |     1 |     3 |       |     1 |     1 ||     6
       Scroll            |       |       |       |     4 |       ||     4
 Stab: Sleeping          |       |     2 |     9 |     6 |       ||    17
       Distracted        |       |     1 |     1 |     1 |       ||     3
       Invisible         |       |       |     1 |    14 |       ||    15
  Eat: Fruit             |       |       |       |    16 |     7 ||    23
